 Dungeon Crawl Stone Soup version 0.22-a0-252-gcace5d2 (webtiles) character file.

103 Amnesiac the Ducker (level 4, 0/23 HPs)
             Began as a Spriggan Fighter on Mar 1, 2018.
             Was an Initiate of Gozag.
             Slain by Grinder (9 damage)
             ... on level 3 of the Dungeon.
             The game lasted 00:02:19 (2566 turns).

Amnesiac the Ducker (Spriggan Fighter)              Turns: 2566, Time: 00:02:20

Health: 0/23       AC:  9    Str: 13    XL:     4   Next: 51%
Magic:  5/5        EV: 21    Int:  9    God:    Gozag
Gold:   260        SH:  6    Dex: 15    Spells: 3/3 levels left

rFire    . . .     SeeInvis +   s - +0 falchion (protect)
rCold    . . .     Gourm    .   a - +0 buckler (curse)
rNeg     . . .     Faith    .   b - +0 robe
rPois    .         Spirit   .   (helmet restricted)
rElec    .         Reflect  .   (no cloak)
rCorr    .         Harm     .   (gloves unavailable)
MR       .....                  (boots unavailable)
Stlth    +.........             (no amulet)
HPRegen  0.07/turn              (no ring)
MPRegen  0.09/turn              (no ring)

@: gold aura, protection aura, very quick
A: very small, unfitting armour, see invisible, herbivore, speed 3, slow
metabolism 2
a: Potion Petition, Call Merchant, Bribe Branch, Renounce Religion


You were on level 3 of the Dungeon.
You worshipped Gozag.
Gozag was aware of your devotion.
You were not hungry.

You visited 1 branch of the dungeon, and saw 3 of its levels.

You collected 296 gold pieces.
You paid 36 gold pieces to Gozag.

Inventory:

Hand Weapons
 s - a +0 falchion of protection (weapon)
Missiles
 m - 2 throwing nets (quivered)
Armour
 a - a cursed +0 buckler (worn)
 b - a +0 robe (worn)
Scrolls
 c - a scroll of fear {!r, unknown}
 e - 2 scrolls of teleportation {!r, unknown}
 i - 5 scrolls of identify {!r, unknown}
 j - a scroll of immolation {!r, unknown}
 l - 2 scrolls of remove curse {!r, unknown}
 q - 2 scrolls of enchant armour {!r, unknown}
Potions
 d - 3 potions of might {!q}
 g - a potion of lignification {!q, unknown}
 h - a potion of mutation {!q, unknown}
 k - 2 potions of curing {!q, unknown}
 n - 2 potions of heal wounds {!q, unknown}
 o - a potion of invisibility {!q, unknown}
 p - a potion of degeneration {!q, unknown}
 r - a potion of brilliance {!q, unknown}
 t - a potion of cancellation {!q, unknown}
Comestibles
 f - 7 rations


   Skills:
 + Level 2.9 Fighting
 - Level 2.0 Long Blades
 * Level 6.1 Dodging
 + Level 2.6 Shields


You had 3 spell levels left.
You didn't know any spells.

Dungeon Overview and Level Annotations

Branches:
Dungeon (3/15)

Altars:
Gozag
Okawaru
Wu Jian

Annotations:
D:3 Grinder


Innate Abilities, Weirdness & Mutations

You are very small and have problems with some larger weapons.
You are too small for most types of armour.
You have supernaturally acute eyesight. (SInv)
You are a herbivore.
You cover ground extremely quickly.
You need consume almost no food.


Message History

No target in view!
Drop what? 20/52 slots (_ for help) (? for menu, Esc to quit)
You remove your amulet of faith.
You drop an uncursed amulet of faith.
You now have 247 gold pieces (gained 4).
A goblin comes into view.
The goblin shouts!
A goblin is nearby!
You slash the goblin!
You kill the goblin!
No target in view!
You now have 254 gold pieces (gained 7).
t - a viscous sapphire potion {!q} No target in view!
i - 5 scrolls labeled MIOSAT MOIDIRHO {!r} (gained 1)
A rat comes into view.
A rat is nearby!
The rat completely misses you.
Found a bubbling black potion.
A rat is nearby!
You barely miss the rat. The rat barely misses you.
You hit the rat but do no damage.
Your weapon exudes an aura of protection.
The rat barely misses you.
You hit the rat.
The rat is heavily wounded.
The rat bites you but does no damage.
A rat is nearby!
You slash the rat!
You kill the rat!
You now have 260 gold pieces (gained 6).
Grinder comes into view.
You see here a bubbling black potion {!q}.
Grinder shouts!
Grinder is nearby!
Grinder gestures at you. You resist with some effort.
Grinder is nearby!
You barely miss Grinder. Grinder completely misses you.
You riposte.
You closely miss Grinder. You closely miss Grinder.
Grinder blinks!
You closely miss Grinder. Grinder is distracted by your gold.
You barely miss Grinder.
Grinder is no longer distracted by gold.
Grinder closely misses you.
A rat comes into view.
You hit Grinder but do no damage.
Your weapon exudes an aura of protection.
Grinder hits you.
You hit Grinder but do no damage. Grinder hits you.
You writhe in agony.
* * * LOW HITPOINT WARNING * * *
You hit Grinder.
Grinder is lightly wounded.
You block the rat's attack.
Grinder blinks!
You hit Grinder but do no damage.
Grinder is lightly wounded.
You block the rat's attack. Grinder completely misses you.
You riposte.
You hit Grinder.
Grinder is lightly wounded.
The rat closely misses you.
You riposte.
You slash the rat!
You kill the rat!
Grinder hits you!
You die...
Your body crumbles into a pile of gold.

#.....##.#####
###.##.(......
#. #"#.##### ##
#.# #.##.#.# ..
#.###.##.#.# #.
......##.#.##
#..####.#
#.......#
#...$5#.#
#.#####.#
#@#.###.# #.#
#ยง#.....# #.#
#.!.....# #.#
#######.#####.#
#.......#
##..##### #..#
#..# #...


You could see Grinder.

Vanquished Creatures
  4 gnolls (D:3)
  3 adders
  3 worms
  2 leopard geckos (D:3)
  An orc (D:3)
  A giant cockroach (D:1)
  2 goblins (D:3)
  2 hobgoblins
  A kobold (D:1)
  2 bats
  2 frilled lizards
  9 rats
32 creatures vanquished.

Notes
Turn   | Place    | Note
-------+----------+-------------------------------------------
     0 | D:1      | Amnesiac the Spriggan Fighter began the quest for the Orb.
     0 | D:1      | Reached XP level 1. HP: 11/11 MP: 2/2
   326 | D:2      | Found an opulent altar of Gozag.
   326 | D:2      | Found an ornate altar of the Wu Jian Council.
   557 | D:2      | Became a worshipper of Gozag Ym Sagoz the Greedy
   947 | D:2      | Found an iron altar of Okawaru.
  1016 | D:2      | Reached XP level 2. HP: 16/16 MP: 3/3
  1361 | D:2      | Reached skill level 5 in Dodging
  1545 | D:3      | Reached XP level 3. HP: 17/19 MP: 4/4
  1728 | D:3      | Reached XP level 4. HP: 9/23 MP: 5/5
  2275 | D:3      | Reached skill level 6 in Dodging
  2556 | D:3      | Noticed Grinder
  2566 | D:3      | Slain by Grinder

Vault maps used:
D:1:      sevenhm_arrival_forest_fort_small_3, minmay_close_crescents
D:2:      gammafunk_temple_overflow_pools, okawaru_ov_weapons_minmay,
          minmay_misc_feat_roman
D:3:      lemuel_round_altar, uniq_grinder

Skill      XL: |  1  2  3  4 |
---------------+-------------+-----
Long Blades    | 2 |  2.0
Dodging        | 5 6 |  6.1
Fighting       | |  2.9
Shields        | |  2.6

Action                   |  1- 3 |  4- 6 || total
-------------------------+-------+-------++-------
Melee: Long sword        |    39 |       ||    39
       Falchion          |    40 |    35 ||    75
 Stab: Sleeping          |     2 |       ||     2
       Distracted        |       |     1 ||     1
Armor: Robe              |    13 |     2 ||    15
Dodge: Dodged            |    66 |    18 ||    84
Block: Buckler           |    20 |    10 ||    30
       Rpst.: Long sword |     8 |       ||     8
       Falchion          |    20 |     7 ||    27

Table legend:
 A = Spawn XP
 B = Non-spawn XP
 C = Spawn XP percentage of total XP
 D = Spawn monster count
 E = Non-spawn monster count
 F = Spawn count percentage of total count
 G = Total turns spent on level
                    A         B        C        D         E        F      G
               +---------+---------+-------+---------+---------+-------+---------
         Total |       0 |     148 |   0.0 |       0 |      32 |   0.0 |  2566
               +---------+---------+-------+---------+---------+-------+---------
           D:1 |       0 |       9 |   0.0 |       0 |       6 |   0.0 |   779
           D:2 |       0 |      27 |   0.0 |       0 |       7 |   0.0 |  1240
           D:3 |       0 |     112 |   0.0 |       0 |      19 |   0.0 |   547
               +---------+---------+-------+---------+---------+-------+---------
